Map: Submarine LE

Players

aviloSoAmaze (Avilo)

  • Race: Terran Terran
  • League: Grandmaster
  • Spawn Location: 11:00

AuntJemima - Winner!

  • Race: Protoss Protoss
  • League: Grandmaster
  • Spawn Location: 5:00

VOD

Have the link to the VOD?

Description

Time

  • Played on: Oct. 31, 2020, 5:55 p.m.
  • Length: 23:09
Show
View Real Time Build Order
Export as new Build Order

aviloSoAmaze Terran 

Build Orders: 2 Factory, Mech 

Get SALT Encoding   

  12  0:00  SCV  
  13  0:12  SCV  
  14  0:17  Supply Depot  
  14  0:24  SCV  
  15  0:31  Refinery  
  15  0:39  SCV  
  16  0:44  Barracks  
  16  0:51  SCV  
  17  1:03  SCV  
  18  1:15  SCV  
  19  1:28  SCV  
  20  1:40  Reaper  
  20  1:41  Orbital Command  
  21  1:52  Command Center  
  21  1:58  Bunker  
  21  2:08  SCV  
  22  2:16  Factory  
  22  2:18  Marine  
  22  2:19  Refinery  
  22  2:34  SCV  
  23  2:49  Supply Depot  
  23  2:53  Marine  
  23  2:55  SCV  
  23  3:03  Factory Tech Lab  
  22  3:08  SCV  
  22  3:11  Factory, Marine  
  23  3:20  SCV  
  23  3:21  Cyclone  
  23  3:22  Mag-Field Accelerator  
  23  3:25  Supply Depot  
  27  3:30  Marine  
  27  3:34  SCV  
  28  3:54  Cyclone  
  28  3:55  Factory Tech Lab  
  30  3:58  SCV  
  31  4:10  SCV, Marine  
  31  4:14  Siege Tank  
  36  4:22  SCV  
  37  4:27  Orbital Command  
  37  4:28  Engineering Bay  
  37  4:35  SCV  
  38  4:40  Siege Tank  
  41  4:47  SCV  
  41  4:48  Refinery  
  42  4:54  SCV  
  42  4:57  Missile Turret  
  43  5:00  SCV  
  43  5:06  Missile Turret  
  44  5:09  SCV  
  44  5:12  SCV  
  46  5:21  SCV  
  46  5:23  Starport  
  46  5:24  SCV  
  48  5:32  Armory  
  47  5:43  SCV x2  
  47  5:49  Supply Depot  
  49  5:51  Supply Depot, Siege Tank  
  52  6:03  SCV x2  
  54  6:10  Siege Tank  
  57  6:12  Supply Depot  
  57  6:15  SCV x2  
  57  6:17  Medivac  
  61  6:19  Barracks Reactor, Drilling Claws  
  61  6:27  SCV x2  
  61  6:29  Missile Turret  
  63  6:33  Refinery  
  63  6:38  Supply Depot  
  63  6:39  SCV  
  65  6:40  SCV  
  65  6:47  Liberator  
  65  6:52  SCV x2  
  70  7:00  Widow Mine x2  
  74  7:03  Command Center  
  74  7:04  SCV x2  
  76  7:09  Supply Depot  
  76  7:16  SCV  
  76  7:17  SCV  
  76  7:21  Factory, Widow Mine x2  
  82  7:29  SCV x2  
  84  7:30  Thor  
  84  7:33  Medivac  
  92  7:37  Supply Depot  
  92  7:38  Terran Vehicle Weapons Level 1  
  92  7:50  Widow Mine x2  
  90  7:54  Supply Depot  
  90  7:57  Supply Depot x2  
  90  8:01  SCV x2  
  92  8:06  Siege Tank  
  95  8:14  Siege Tank  
  95  8:17  Supply Depot x2  
  95  8:18  Missile Turret  
  95  8:19  Infernal Pre-Igniter  
  98  8:22  Hellion x2  
  102  8:29  SCV x2  
  104  8:40  Refinery  
  105  8:41  SCV  
  105  8:44  Refinery  
  105  8:48  Hellion x4  
  113  8:52  Starport  
  113  8:53  Starport  
  111  9:07  SCV x2  
  107  9:10  Planetary Fortress  
  107  9:14  Missile Turret  
  107  9:16  Liberator  
  108  9:21  SCV  
  108  9:22  SCV, Hellion x2  
  108  9:23  Hellion, Missile Turret  
  110  9:25  Missile Turret  
  110  9:33  Starport Tech Lab  
  110  9:34  Starport Tech Lab  
  110  9:37  Fusion Core  
  110  9:38  SCV x2  
  112  9:42  Supply Depot  
  112  9:44  Supply Depot  
  112  9:45  Siege Tank x2  
  118  9:47  SCV  
  118  9:50  SCV x2  
  118  9:52  Terran Vehicle And Ship Armor Level 1  
  121  9:59  SCV  
  122  10:02  SCV x2  
  124  10:08  Command Center  
  124  10:11  SCV  
  125  10:14  SCV x2  
  125  10:15  Starport Tech Lab  
  125  10:20  Hellion x4  
  133  10:25  SCV  
  133  10:26  SCV x2  
  132  10:31  Missile Turret  
  132  10:33  Armory  
  132  10:36  Missile Turret  
  132  10:41  Hellion  
  131  10:43  Battlecruiser  
  131  10:49  Battlecruiser  
  143  10:58  Battlecruiser  
  149  11:12  Missile Turret  
  149  11:14  Missile Turret, Widow Mine x2  
  149  11:15  Widow Mine x2  
  155  11:31  Missile Turret x2  
  149  11:33  Missile Turret, Weapon Refit  
  149  11:35  Terran Ship Weapons Level 1, Missile Turret  
  149  11:39  Sensor Tower  
  149  11:42  Missile Turret  
  149  11:48  Neosteel Armor  
  149  11:49  Battlecruiser  
  155  11:55  Missile Turret  
  155  11:56  Hellion x4  
  163  12:01  Missile Turret  
  163  12:07  Battlecruiser  
  169  12:17  Hellion  
  169  12:21  Refinery  
  170  12:40  Refinery  
  170  12:44  Command Center  
  170  12:45  Planetary Fortress  
  164  12:54  Raven  
  164  12:55  Battlecruiser  
  172  13:01  Missile Turret  
  172  13:11  Missile Turret  
  172  13:17  Missile Turret  
  150  13:27  Missile Turret x2  
  145  13:41  Hellion x2, Siege Tank x2  
  150  13:58  Missile Turret x3  
  150  14:10  Viking x2  
  150  14:11  Factory Reactor  
  150  14:13  Hellion x2  
  158  14:25  Planetary Fortress  
  152  14:37  Missile Turret  
  152  14:38  Missile Turret x2  
  152  14:40  Viking, Siege Tank  
  152  14:41  Siege Tank  
  160  14:55  Viking x3  
  156  15:10  Widow Mine x2  
  156  15:13  Widow Mine, Siege Tank  
  161  15:19  Terran Ship Weapons Level 2  
  161  15:20  Command Center  
  161  15:21  Supply Depot x2, Terran Vehicle And Ship Armor Level 2  
  154  15:43  Siege Tank  
  154  15:44  Banshee x2  
  154  15:45  Viking, Siege Tank  
  168  15:50  Cloaking Field  
  168  15:51  Hyperflight Rotors  
  159  16:11  Viking  
  159  16:12  Siege Tank  
  159  16:15  Viking, Siege Tank  
  159  16:17  Siege Tank  
  172  16:20  Smart Servos  
  172  16:32  Command Center  
  163  16:35  SCV x3  
  157  17:20  Hellion x3  
  157  17:21  Banshee x2  
  157  17:22  Viking x2  
  173  17:42  Hellion  
  164  17:53  Siege Tank x2  
  157  18:03  Hellion  
  157  18:04  Banshee  
  157  18:05  SCV x2  
  162  18:06  Banshee  
  165  18:15  Liberator x2  
  165  18:19  Missile Turret x2  
  171  18:24  Hellion  
  173  18:30  Missile Turret  
  162  18:44  Orbital Command  
  162  18:46  Missile Turret, Banshee  
  150  18:55  Banshee, Siege Tank x2  
  144  18:56  Hellion  
  136  19:12  Planetary Fortress  
  136  19:17  Hellion  
  136  19:19  Missile Turret  
  138  19:31  Banshee  
  136  19:39  Refinery  
  133  19:52  Missile Turret  
  131  19:53  Missile Turret  
  131  19:54  Widow Mine x2  
  131  19:55  Widow Mine  
  131  20:05  Refinery  
  119  20:16  Widow Mine x3  
  116  20:23  Missile Turret  
  116  20:32  Missile Turret  
  113  20:37  Widow Mine x2, Siege Tank  
  113  20:40  Banshee  
  123  20:59  Hellion x2  
  127  21:09  Hellion  
  123  21:13  Banshee  
  123  21:14  Viking x2  
  130  21:20  Hellion, Widow Mine  
  128  21:31  Widow Mine  
  127  21:41  Hellion x2  
  123  22:03  Banshee x2  
  125  22:15  Hellion x3  
  129  22:37  Hellion x3  
Show
View Real Time Build Order
Export as new Build Order

AuntJemima Protoss - Winner!

Build Orders:  

Get SALT Encoding   

  12  0:00  Probe  
  13  0:12  Probe  
  14  0:17  Pylon  
  14  0:24  Probe (Chrono Boost)  
  16  0:36  Probe (Chrono Boost)  
  16  0:39  Gateway  
  16  0:43  Probe (Chrono Boost)  
  16  0:48  Assimilator  
  17  0:53  Probe  
  18  1:05  Probe  
  19  1:17  Probe  
  20  1:26  Zealot  
  20  1:27  Cybernetics Core  
  20  1:29  Pylon  
  22  1:51  Nexus  
  22  1:54  Probe  
  23  2:05  Adept (Chrono Boost)  
  23  2:06  Warp Gate  
  25  2:09  Probe  
  26  2:18  Assimilator  
  25  2:25  Stalker (Chrono Boost)  
  27  2:31  Probe  
  28  2:43  Probe  
  27  2:47  Stalker  
  29  2:57  Probe (Chrono Boost)  
  30  3:04  Twilight Council  
  30  3:05  Probe (Chrono Boost)  
  31  3:12  Probe (Chrono Boost)  
  32  3:15  Probe (Chrono Boost)  
  34  3:20  Probe (Chrono Boost)  
  34  3:23  Robotics Facility  
  34  3:25  Probe (Chrono Boost)  
  34  3:26  Probe (Chrono Boost)  
  36  3:34  Probe  
  36  3:35  Probe  
  36  3:37  Gateway  
  38  3:46  Probe  
  38  3:47  Probe  
  40  3:49  Charge (Chrono Boost)  
  40  3:57  Robotics Facility  
  40  3:58  Probe  
  40  4:00  Zealot  
  44  4:05  Pylon  
  44  4:12  Warp Prism (Chrono Boost)  
  44  4:14  Probe  
  46  4:23  Probe  
  47  4:27  Probe  
  47  4:30  Zealot, Gateway  
  47  4:31  Gateway  
  50  4:34  Shield Battery  
  50  4:38  Probe  
  52  4:49  Zealot  
  53  4:53  Probe  
  54  5:02  Assimilator  
  54  5:04  Assimilator, Nexus  
  54  5:05  Pylon  
  54  5:23  Probe x2  
  56  5:35  Probe (Chrono Boost)  
  54  5:37  Probe (Chrono Boost)  
  54  5:38  Zealot x2  
  54  5:39  Zealot x2  
  54  5:42  Immortal (Chrono Boost)  
  60  5:47  Probe (Chrono Boost)  
  62  5:50  Pylon  
  62  5:51  Blink (Chrono Boost)  
  62  5:53  Probe (Chrono Boost)  
  62  6:00  Pylon  
  62  6:06  Forge  
  62  6:08  Probe x2, Forge  
  65  6:14  Observer (Chrono Boost)  
  65  6:18  Immortal (Chrono Boost)  
  65  6:24  Probe x3 (Chrono Boost)  
  72  6:30  Shield Battery  
  75  6:33  Probe (Chrono Boost)  
  75  6:34  Templar Archives  
  75  6:35  Probe x2 (Chrono Boost)  
  75  6:37  Observer  
  75  6:38  Probe (Chrono Boost)  
  76  6:42  Protoss Ground Armor Level 1 (Chrono Boost), Protoss Ground Weapons Level 1 (Chrono Boost)  
  76  6:44  Probe x2  
  76  6:45  Sentry  
  81  6:50  Probe  
  81  6:51  Observer  
  83  6:54  Pylon  
  83  6:55  Pylon  
  83  6:56  Probe  
  83  6:58  Probe  
  85  7:02  Stalker x3  
  91  7:11  Gateway  
  91  7:12  Gateway  
  91  7:14  Probe, Observer  
  92  7:18  Probe  
  92  7:21  Photon Cannon  
  93  7:22  Stalker  
  93  7:25  Observer  
  93  7:28  Stalker x3  
  101  7:33  Photon Cannon  
  101  7:35  Pylon  
  101  7:40  Probe x2  
  101  7:42  Probe  
  104  7:49  High Templar  
  106  7:51  High Templar  
  106  7:52  Probe  
  106  7:54  Probe  
  106  7:56  Probe  
  111  8:04  Probe  
  112  8:06  Probe  
  112  8:08  Stalker x2  
  117  8:12  Archon  
  117  8:13  Nexus  
  117  8:16  Pylon  
  117  8:22  Observer  
  117  8:27  Photon Cannon  
  117  8:31  Photon Cannon x2  
  117  8:32  Photon Cannon  
  117  8:33  Photon Cannon  
  117  8:34  Probe, Pylon  
  117  8:38  Warp Prism (Chrono Boost), Photon Cannon  
  117  8:39  Photon Cannon  
  117  8:43  Protoss Ground Weapons Level 2 (Chrono Boost)  
  117  8:45  Stalker, Protoss Ground Armor Level 2 (Chrono Boost)  
  121  8:58  Photon Cannon  
  121  9:02  Probe, Observer  
  114  9:03  Probe  
  114  9:08  Stalker x3  
  117  9:12  Probe  
  118  9:25  Probe  
  118  9:26  Probe x3  
  118  9:27  Warp Prism (Chrono Boost), Pylon  
  124  9:35  Dark Shrine, Robotics Bay  
  124  9:37  Probe (Chrono Boost), Pylon, High Templar x2  
  130  9:38  Probe (Chrono Boost)  
  130  9:43  Archon  
  130  9:44  Probe (Chrono Boost)  
  132  9:46  Assimilator  
  132  9:47  Assimilator  
  132  9:50  Probe x2 (Chrono Boost)  
  132  9:51  Probe (Chrono Boost)  
  134  9:54  Nexus  
  134  9:56  Pylon  
  134  9:57  Probe (Chrono Boost)  
  134  9:59  Probe (Chrono Boost)  
  135  10:02  Probe, High Templar x2  
  135  10:05  Probe x2  
  143  10:10  Probe  
  144  10:14  Probe  
  144  10:17  Probe, Zealot x2  
  144  10:18  Zealot x2  
  149  10:34  Observer  
  149  10:36  Probe  
  149  10:37  Probe  
  149  10:38  Probe  
  149  10:39  Gravitic Drive (Chrono Boost)  
  149  10:40  Probe  
  151  10:45  Shadow Stride (Chrono Boost)  
  151  10:46  Stalker x6  
  163  10:51  Photon Cannon x2  
  163  10:54  Probe, Photon Cannon  
  161  11:05  Probe  
  160  11:18  Photon Cannon  
  160  11:19  Photon Cannon  
  160  11:24  Observer  
  160  11:26  Protoss Ground Weapons Level 3 (Chrono Boost)  
  160  11:32  Dark Templar x3  
  166  11:33  Dark Templar x3  
  166  11:38  Gateway  
  166  11:39  Observer  
  172  11:41  Gateway, Protoss Ground Armor Level 3 (Chrono Boost)  
  172  11:43  Gateway  
  172  11:44  Gateway  
  172  11:46  Pylon  
  172  11:47  Archon  
  172  11:51  Probe x3  
  175  11:57  Probe, Photon Cannon  
  175  12:00  Probe, Photon Cannon  
  175  12:01  Shield Battery  
  177  12:02  Gravitic Boosters  
  177  12:06  Probe  
  178  12:11  Probe  
  169  12:17  Probe  
  169  12:18  Dark Templar  
  169  12:19  Dark Templar x3  
  169  12:20  Zealot x2  
  150  12:30  Probe  
  150  12:37  Immortal x2 (Chrono Boost), Stalker  
  123  12:38  Stalker x2  
  137  12:49  Archon x2  
  125  12:59  Assimilator  
  125  13:00  Assimilator  
  125  13:01  Zealot x10  
  125  13:02  Assimilator x2  
  145  13:06  Immortal (Chrono Boost)  
  149  13:13  Probe  
  149  13:14  Probe x3  
  149  13:16  Probe  
  154  13:25  Probe  
  123  13:29  Stalker x5  
  123  13:30  Stalker x4  
  123  13:32  Zealot  
  115  13:58  Nexus  
  115  14:01  Assimilator, High Templar x4  
  115  14:02  Stalker x2  
  123  14:04  Assimilator  
  123  14:07  Archon x2  
  123  14:08  Stalker x2  
  126  14:14  Zealot x2  
  130  14:17  Nexus  
  114  14:36  Protoss Shields Level 1 (Chrono Boost), Stalker x9  
  116  14:56  Dark Templar x3  
  120  15:03  Zealot x4, Observer  
  118  15:08  Stalker x3  
  122  15:16  Pylon  
  122  15:19  Pylon  
  122  15:20  Pylon  
  115  15:31  Stalker x2  
  115  15:32  Stalker x4  
  113  15:50  Stalker x4  
  120  15:59  Stalker  
  120  16:00  Stalker x4  
  126  16:24  Nexus  
  116  16:29  Stalker x4  
  116  16:30  Stalker  
  116  16:31  Probe x2  
  116  16:32  Probe  
  127  16:36  Gateway  
  127  16:37  Pylon  
  127  16:38  Probe, Gateway  
  128  16:46  Observer  
  127  16:52  Probe x2  
  126  16:57  Stalker x5  
  131  17:16  Pylon  
  131  17:18  Dark Templar x4  
  131  17:19  Dark Templar  
  131  17:20  Dark Templar x4  
  131  17:21  Probe  
  131  17:22  Probe x2  
  152  17:34  Nexus  
  152  17:35  Nexus  
  152  17:37  Pylon  
  152  17:46  Stalker x2  
  150  17:55  Stalker x8  
  156  18:05  Nexus  
  156  18:08  Pylon  
  156  18:17  Stalker  
  156  18:18  Stalker x3  
  141  18:46  Observer  
  129  19:00  Stalker x9  
  129  19:01  Stalker x2  
  137  19:06  Observer  
  132  19:25  Assimilator  
  132  19:28  Pylon  
  132  19:30  Observer  
  131  19:34  Stalker x8  
  131  19:35  Stalker x2  
  148  19:41  Dark Templar  
  147  19:59  Dark Templar  
  149  20:00  Dark Templar  
  149  20:03  Zealot x6  
  136  20:22  Dark Templar  
  136  20:27  Zealot x3  
  136  20:28  Zealot x5  
  150  20:36  Probe x2  
  150  20:37  Probe  
  150  20:39  Pylon  
  153  20:45  Observer  
  150  20:51  Stalker x3  
  150  20:54  Probe x3  
  150  20:55  Probe  
  158  21:11  Probe (Chrono Boost)  
  158  21:12  Probe (Chrono Boost)  
  158  21:15  Probe x3 (Chrono Boost)  
  158  21:16  Probe (Chrono Boost)  
  163  21:20  Assimilator  
  163  21:21  Assimilator  
  163  21:23  Probe x2 (Chrono Boost)  
  167  21:26  Pylon  
  167  21:27  Probe x2 (Chrono Boost)  
  167  21:29  Probe x2 (Chrono Boost)  
  166  21:43  Zealot x3  
  166  21:44  Zealot x6  
  178  21:51  Observer (Chrono Boost)  
  178  21:54  Probe  
  177  22:00  Probe  
  177  22:01  Observer x2 (Chrono Boost)  
  168  22:11  Observer  
  169  22:19  Stalker x5  
  169  22:21  Probe  
  169  22:22  Probe  
  163  22:31  Probe  
  163  22:32  Probe  
  163  22:33  Probe  
  163  22:34  Probe  
  163  22:35  Probe  
  158  22:37  Probe  
  158  22:43  Probe  
  149  22:44  Probe  
  149  22:45  Probe  
  149  22:46  Probe  
  149  22:48  Probe, Zealot  
  149  22:49  Zealot x7  
  149  22:51  Dark Templar  
  159  23:03  Zealot x2  
Tags
 
Composition
Mech
Matchup
PvT
Opening
2 Factory
Player
Avilo
Spawn Locations
Cross Positions
Add a new tag
Caveats
  • Supply blocks, unpowered buildings, or Contaminate may cause inaccurate times.
  • Supply counts are checked every 10 seconds.